 Dungeon Crawl Stone Soup version 0.17.1-1-g73c8601 (webtiles) character file.

32 Nyvrem the Insei (level 3, -8/23 HPs)
             Began as an Octopode Transmuter on Dec 26, 2015.
             Mangled by a gnoll
             ... wielding a +0 spear
              (9 damage)
             ... on level 2 of the Dungeon.
             The game lasted 00:02:47 (655 turns).

Nyvrem the Insei (Octopode Transmuter)               Turns: 655, Time: 00:02:47

Health: -8/23      AC:  1    Str:  9    XL:     3   Next: 27%
Magic:  5/6        EV: 16    Int: 16    God:
Gold:   40         SH:  0    Dex: 12    Spells: 2 memorised, 3 levels left

rFire  . . .     SeeInvis .       - Unarmed
rCold  . . .     Clarity  .     (no shield)
rNeg   . . .     SustAt   .     (helmet restricted)
rPois  .         Gourm    .     (no amulet)
rElec  .         Spirit   .     n - +4 ring of evasion
rCorr  .         Warding  .     (no ring)
rMut   .         Stasis   .     (no ring)
MR     .....                    (no ring)
Stlth  +++.......               (no ring)
                                (no ring)
                                (no ring)
                                (no ring)

@: appendage (expiring), not resistant to hostile enchantments, fairly stealthy
A: almost no armour, amphibious, 8 rings, constrict 8, tentacle spike 3,
camouflage 1, gelatinous body 1
a: End Transformation


You were on level 2 of the Dungeon.
You were not hungry.
One of your tentacles had a temporary spike.
You visited 1 branch of the dungeon, and saw 2 of its levels.

You collected 40 gold pieces.

Inventory:

Missiles
 a - 59 arrows
Jewellery
 n - a +4 ring of evasion (left tentacle)
Scrolls
 e - 2 scrolls of teleportation
 g - a scroll of fog
 i - 3 scrolls of remove curse
 j - a scroll of noise {unknown}
 k - 2 scrolls of identify
Potions
 d - 3 potions of brilliance {unknown}
 f - 2 potions of heal wounds {unknown}
 m - a potion of curing {unknown}
Books
 b - a book of Changes

   Spells                             Type                      Level
   a - Beastly Appendage              Transmutation                1
   b - Sticks to Snakes               Transmutation                2
   c - Spider Form                    Transmutation/Poison         3
   d - Ice Form                       Ice/Transmutation            4
   e - Blade Hands                    Transmutation                5
Comestibles
 c - 3 bread rations
 h - 2 meat rations
 l - a slice of pizza


   Skills:
 + Level 1.2 Fighting
 + Level 2.2 Dodging
 + Level 0.8 Stealth
 + Level 3.5 Unarmed Combat
 + Level 2.1 Spellcasting
 + Level 2.4 Transmutations


You had 3 spell levels left.
You knew the following spells:

 Your Spells              Type           Power        Failure   Level  Hunger
a - Beastly Appendage     Trmt           #.....       10%         1    #......
b - Sticks to Snakes      Trmt           #.........   14%         2    ###....


Dungeon Overview and Level Annotations

Branches:
Dungeon (2/15)

Altars:


Innate Abilities, Weirdness & Mutations

You cannot wear most types of armour.
You are amphibious.
You can wear up to eight rings at the same time.
You can use your tentacles to constrict eight enemies at once.
Your skin changes colour to match your surroundings (Stealth).
Your rubbery body absorbs attacks (AC +1).
One of your tentacles bears a large vicious spike.


Message History

You tentacle-slap the gnoll but do no damage.
Your tentacle spike misses the gnoll.
The gnoll is severely wounded.
You constrict the gnoll. The gnoll misses you. The gnoll barely misses you.
You tentacle-slap the gnoll. You squeeze the gnoll.
You kill the gnoll!
A hobgoblin comes into view. It is wielding a club.
Your transformation is almost over.
The gnoll closely misses you.
The gnoll hits you from afar with a spear.
You see here a club.
You tentacle-slap the gnoll but do no damage.
You grab the gnoll.
You pierce the gnoll, but do no damage.
You squeeze the gnoll.
The gnoll is moderately wounded.
You constrict the gnoll. The gnoll hits you with a halberd!!
Ouch! That really hurt!
* * * LOW HITPOINT WARNING * * *
The gnoll hits you from afar with a spear!
You die...

#.....#
#.....########
#............#
#......#####.###
####.#...# #.#..
#.###.# #.#.# #.#
#.# #.#.#
##.#.#.###.#.###.#
............@..>..#
......#.###.#g#.....
......#.# #.#g# ###
..... #.# #.#.#
..... #.# #.#.# ....
#.# #.#g# .... ..#
#.#.# ## #.#.#


You could see 2 gnolls and a hobgoblin.

Vanquished Creatures
  A gnoll (D:2)
  A worm (D:2)
  A ball python (D:1)
  5 goblins
  2 hobgoblins
  2 bats
  3 giant newts (D:1)
  2 kobolds (D:1)
  5 rats
22 creatures vanquished.

Notes
Turn   | Place    | Note
--------------------------------------------------------------
     0 | D:1      | Nyvrem the Octopode Transmuter began the quest for the Orb.
     0 | D:1      | Reached XP level 1. HP: 13/13 MP: 3/3
   165 | D:1      | Reached XP level 2. HP: 12/18 MP: 3/5
   482 | D:2      | Learned a level 2 spell: Sticks to Snakes
   608 | D:2      | Reached XP level 3. HP: 21/23 MP: 6/6
   655 | D:2      | HP: 1/23 [gnoll/halberd (18)]
   655 | D:2      | Mangled by a gnoll

Action                   || total
-------------------------++-------
Melee: Unarmed           ||    50
 Cast: Beastly Appendage ||    16
  Use: Scroll            ||     3
 Stab: Sleeping          ||     5
